 Dungeon Crawl Stone Soup version 0.31-a0-1204-ge2c1a860ed (webtiles) character file.

Game seed: 12464936123570516706

11046 ragingrage the Spear-Bearer (level 12, -15/91 HPs)
             Began as a Human Wanderer on Dec 12, 2023.
             Was a High Priest of the Shining One.
             Demolished by a reaper
             ... wielding a -4 scythe of freezing
              (23 damage)
             ... in an ice cave.
             The game lasted 00:19:58 (15153 turns).

ragingrage the Spear-Bearer (Human Wanderer)       Turns: 15153, Time: 00:19:58

Health: -15/91     AC: 12    Str: 16    XL:     12   Next: 2%
Magic:  5/14       EV: 17    Int: 16    God:    the Shining One [*****.]
Gold:   520        SH:  5    Dex: 11    Spells: 12/13 levels left

rFire   x . .        a - +0 trident
rCold   + . .        (no shield)
rNeg    + + .        I - +0 steam dragon scales
rPois   .            M - +2 helmet
rElec   .            i - +0 cloak
rCorr   .            f - +0 pair of gloves
SInv    .            K - +0 pair of boots
Will    .....        l - amulet of reflection
Stlth   +            n - ring of ice
HPRegen 0.35/turn    Q - +5 ring of evasion
MPRegen 0.14/turn

%: reflection
@: about to teleport, glowing, studying Maces & Flails
A: no striking features
a: Renounce Religion, Divine Shield, Cleansing Flame, Summon Divine Warrior


You were in an ice cave.
You worshipped the Shining One.
The Shining One was extremely pleased with you.
You visited 1 branch of the dungeon, and saw 12 of its levels.
You also visited: Ossuary and Ice Cave.

You collected 520 gold pieces.

Inventory:

Hand Weapons
 a - a +0 trident (weapon)
 o - a +0 arbalest
 R - the +6 mace of Musokuvy {heavy, rCorr Int+2}
   (You found it on level 10 of the Dungeon)

   Int+2:     It affects your intelligence (+2).
   rCorr:     It protects you from acid and corrosion.
Missiles
 D - 8 poisoned darts (quivered)
 O - 2 silver javelins
 U - 2 darts of dispersal
Armour
 f - a +0 pair of gloves (worn)
 i - a +0 cloak (worn)
 m - a +0 plate armour
 I - +0 steam dragon scales (worn)
 K - a +0 pair of boots (worn)
 M - a +2 helmet (worn)
Jewellery
 c - a +6 ring of intelligence
 l - an amulet of reflection (around neck)
 n - a ring of ice (left hand)
 L - a ring of flight
 Q - a +5 ring of evasion (right hand)
Wands
 F - a wand of mindburst (7)
 P - a wand of iceblast (2)
 T - a wand of digging (2)
Scrolls
 d - 2 scrolls of vulnerability {unknown}
 h - 2 scrolls of amnesia
 j - 4 scrolls of blinking
 k - a scroll of torment {unknown}
 p - a scroll of brand weapon {unknown}
 s - 3 scrolls of fog {unknown}
 y - 3 scrolls of teleportation
 z - a scroll of acquirement {unknown}
 A - 2 scrolls of revelation {unknown}
 C - a scroll of noise {unknown}
 E - a scroll of silence
 H - a scroll of fear {unknown}
 J - a scroll of enchant armour {unknown}
Potions
 b - a potion of experience {unknown}
 e - 2 potions of curing
 g - a potion of mutation {unknown}
 q - a potion of ambrosia
 r - a potion of brilliance {unknown}
 t - 2 potions of magic
 u - 3 potions of might
 v - a potion of berserk rage {unknown}
 x - a potion of enlightenment {unknown}
 B - a potion of haste {unknown}
 G - 2 potions of lignification
 S - a potion of degeneration {unknown}
 V - a potion of invisibility {unknown}
Miscellaneous
 N - a lightning rod (3/4)


   Skills:
 + Level 7.3 Fighting
 - Level 14.2 Polearms
 - Level 5.0 Throwing
 + Level 4.4 Armour
 + Level 1.6 Dodging
 - Level 1.0 Spellcasting
 - Level 1.0 Fire Magic
 + Level 3.7 Invocations
 + Level 5.4 Evocations


You had 12 spell levels left.
You knew the following spells:

 Your Spells              Type           Power      Damage    Failure   Level
a - Foxfire               Conj/Fire      8%         2x1d4     19%         1

Your spell library contained the following spells:

 Spells                   Type           Power      Damage    Failure   Level
 Volatile Blastmotes      Fire/Tloc      4%         2d10      50%         3
 Ignite Poison            Fire/Tmut/Pois 1%         N/A       52%         3
 Sticky Flame             Conj/Fire      2%         2d3       88%         4
 Ignition                 Fire           2%         3d3       100%        8


Dungeon Overview and Level Annotations

Branches:
Dungeon (12/15)            Temple (0/1) D:4             Orc (0/2) D:10
Ossuary (visited)           IceCv (1/1)
   Lair: D:8-11

Altars:
Cheibriados
Dithmenos
Gozag
Nemelex Xobeh
Ru
Trog
Wu Jian
Yredelemnul
The Shining One

Annotations:
D:1 exclusion: downstairs
D:3 exclusion: upstairs
D:7 2 transporters, 1 runed translucent door, exclusion: downstairs, Crazy Yiuf; bakla's ghost, amateur TrFi
D:10 2 runed translucent doors, exclusion: downstairs, Grorgnorb's ghost, journeyman DjHW
D:11 Snorg


Message History

You resist.
The golden flame engulfs the reaper!
The reaper writhes in agony!
The reaper hits you with a -4 scythe of freezing!
* * * LOW HITPOINT WARNING * * *
The reaper drags you backwards!
An ufetubus comes into view.
You feel much better. The ufetubus hits you. The ufetubus misses you.
A wolf simulacrum comes into view.
You block the reaper's attack.
Unknown command.
You don't have enough magic at the moment.
As you read the scroll of teleportation, it crumbles to dust.
You feel strangely unstable. The wolf simulacrum bites you.
The wolf simulacrum freezes you. You resist.
* * * LOW HITPOINT WARNING * * *
The ufetubus closely misses you. The ufetubus hits you.
* * * LOW HITPOINT WARNING * * *
The reaper misses you. The wolf simulacrum bites you.
* * * LOW HITPOINT WARNING * * *
The wolf simulacrum freezes you. You resist.
* * * LOW HITPOINT WARNING * * *
You block the ufetubus's attack. The ufetubus closely misses you.
The wolf simulacrum barely misses you. The ufetubus completely misses you.
The ufetubus barely misses you.
A polar bear simulacrum comes into view.
The two-headed ogre simulacrum hits you.
* * * LOW HITPOINT WARNING * * *
The two-headed ogre simulacrum freezes you.
You resist.
* * * LOW HITPOINT WARNING * * *
You block the two-headed ogre simulacrum's attack.
The reaper hits you with a -4 scythe of freezing.
* * * LOW HITPOINT WARNING * * *
The reaper drags you backwards!
The polar bear simulacrum moves out of view.
Unknown command.
The wolf simulacrum barely misses you. The ufetubus barely misses you.
The ufetubus closely misses you. The ufetubus misses you.
The ufetubus closely misses you.
The reaper hits you with a -4 scythe of freezing!!
You die...

##≈ ...... ......#
#.... .......###
#####..#
Z.##....####☼##...#
####..##.....#☼§§○.#..
#....... #...°○#...##.
##......###...°######..
#.....Z##......# ##...
#2@.Z.....## #...#
#.5###...## #...# #...
##### ##... #..#. ##...
...##. ##.... ..... ##
#...∩. ###.## #..... ..
##..∩. ##...


You could see a reaper, a wolf simulacrum, a polar bear simulacrum, a two-headed
ogre simulacrum and an ufetubus.

Vanquished Creatures
  2 two-headed ogres
  A manticore (D:8)
  An ugly thing (D:12)
  An anaconda simulacrum (IceCv)
  A komodo dragon (D:10)
  A kobold demonologist (D:10)
  An ice devil (IceCv)
  A vampire (D:11)
  2 wraiths (D:10)
  13 yaks
  A steam dragon (D:8)
  3 vampire mosquitoes (D:10)
  2 water moccasins (D:6)
  5 orc warriors
  3 black bears
  4 ice beasts
  A sky beast (D:6)
  2 ogres
  A wolf (D:11)
  2 centaurs
  2 phantoms (D:6)
  2 kobold brigands
  5 bullfrogs
  4 scorpions
  A two-headed ogre simulacrum (IceCv)
  6 water moccasin zombies (Ossuary)
  4 wights
  Dowan (D:4)
  An elephant simulacrum (IceCv)
  12 killer bees
  A howler monkey (D:7)
  9 crimson imps (D:8)
  2 orc priests
  2 hounds (D:4)
  An iguana (D:2)
  Natasha (thrice) (D:3)
  3 sleepcaps
  9 orc wizards
  3 troll simulacra (IceCv)
  2 wolf simulacra (IceCv)
  A crocodile zombie (Ossuary)
  2 bullfrog simulacra (Ossuary)
  2 mummies (Ossuary)
  4 gnolls (D:6)
  12 adders
  A shadow imp (D:5)
  5 white imps
  5 adder zombies (Ossuary)
  A worm (D:3)
  2 dart slugs
  24 orcs
  4 ball pythons
  12 endoplasms
  3 giant cockroaches
  5 gnoll zombies (Ossuary)
  6 goblins
  10 hobgoblins
  A quokka (D:3)
  4 bats
  2 frilled lizards (D:2)
  4 hobgoblin zombies (Ossuary)
  11 kobolds
  5 kobold zombies (Ossuary)
  4 orc zombies (Ossuary)
  4 rats
255 creatures vanquished.

Vanquished Creatures (others)
  Duvessa (D:4)
  An adder zombie (Ossuary)
  19 foxfires
21 creatures vanquished.

Grand Total: 276 creatures vanquished

Notes
Turn   | Place    | Note
-------+----------+-------------------------------------------
     0 | D:1      | ragingrage the Human Wanderer began the quest for the Orb.
     0 | D:1      | ragingrage set off with the following items: a +0 trident,
                  | a wand of flame (3), a potion of heal wounds, a +0 robe;
                  | and the following spell memorised: Foxfire; and the
                  | following spells available to memorise: Volatile
                  | Blastmotes.
     0 | D:1      | Reached XP level 1. HP: 16/16 MP: 2/2
    33 | D:1      | Found a faded altar of an unknown god.
    55 | D:1      | Prayed at the altar of an unknown god.
    55 | D:1      | Became a worshipper of the Shining One
    55 | D:1      | Reached * piety under the Shining One
   337 | D:1      | Reached XP level 2. HP: 22/22 MP: 3/3
   907 | D:2      | Reached skill level 4 in Polearms
   907 | D:2      | Reached XP level 3. HP: 27/27 MP: 1/4
  1285 | D:3      | Found a shadowy altar of Dithmenos.
  1315 | D:3      | Found a sparkling altar of Nemelex Xobeh.
  1446 | D:3      | Noticed a scorpion
  1537 | D:3      | Found a snail-covered altar of Cheibriados.
  1628 | D:3      | Noticed Natasha
  1632 | D:3      | Killed Natasha
  1633 | D:3      | Reached XP level 4. HP: 33/33 MP: 5/5
  1709 | D:3      | Killed a scorpion
  1710 | D:3      | Reached skill level 5 in Polearms
  1710 | D:3      | Reached XP level 5. HP: 22/38 MP: 4/6
  1837 | D:3      | Noticed Natasha
  1856 | D:3      | HP: 1/38 [Natasha (1)]
  1859 | D:3      | Killed Natasha
  1969 | D:3      | Reached skill level 6 in Polearms
  2026 | D:3      | Noticed Natasha
  2033 | D:3      | Killed Natasha
  2110 | D:3      | Reached XP level 6. HP: 44/44 MP: 7/7
  2772 | D:4      | Reached ** piety under the Shining One
  2835 | D:4      | Found a staircase to the Ecumenical Temple.
  2873 | D:4      | Found a sand-covered staircase.
  2882 | Ossuary  | Entered an ossuary
  2889 | Ossuary  | Reached skill level 7 in Polearms
  2934 | Ossuary  | Reached XP level 7. HP: 50/50 MP: 8/8
  2989 | Ossuary  | Reached *** piety under the Shining One
  3065 | Ossuary  | Reached skill level 8 in Polearms
  3140 | Ossuary  | Reached **** piety under the Shining One
  3220 | Ossuary  | Reached XP level 8. HP: 43/56 MP: 9/9
  3447 | D:4      | Identified the +5 flail "Miurobek" {drain, rF+ Int+5 Dex+2}
  3492 | D:4      | Reached skill level 9 in Polearms
  3553 | D:4      | Noticed Dowan
  3554 | D:4      | Noticed Duvessa
  4216 | D:4      | Your ally Duvessa died
  4221 | D:4      | Killed Dowan
  4463 | D:5      | Entered Level 5 of the Dungeon
  4668 | D:5      | Reached skill level 10 in Polearms
  5070 | D:5      | Identified the +5 rapier of a sewer {pain, rF- Will++
                  | Dex+6}
  5241 | D:6      | Reached XP level 9. HP: 37/61 MP: 10/10
  5363 | D:6      | Noticed a two-headed ogre
  5387 | D:5      | Reached skill level 11 in Polearms
  5962 | D:6      | Reached skill level 12 in Polearms
  6348 | D:6      | Found a bloodstained altar of Trog.
  7160 | D:6      | Reached skill level 13 in Polearms
  7199 | D:7      | Found a transporter.
  7200 | D:7      | Found a transporter.
  7201 | D:7      | Noticed bakla's ghost (amateur TrFi)
  7361 | D:7      | Found a sacrificial altar of Ru.
  7361 | D:7      | Found a basalt altar of Yredelemnul.
  7430 | D:7      | Reached XP level 10. HP: 54/67 MP: 11/11
  7931 | D:8      | Reached skill level 14 in Polearms
  8285 | D:8      | Noticed a manticore
  8714 | D:7      | Found a runed translucent door.
  8715 | D:7      | Noticed Crazy Yiuf
  9154 | D:8      | Reached skill level 1 in Throwing
  9154 | D:8      | Reached skill level 1 in Armour
  9287 | D:8      | Noticed a two-headed ogre
  9299 | D:8      | Killed a two-headed ogre
  9376 | D:8      | Found an ornate altar of the Wu Jian Council.
  9437 | D:8      | Found an opulent altar of Gozag.
  9859 | D:8      | Killed a manticore
  9860 | D:8      | Reached skill level 1 in Invocations
 10312 | D:8      | Reached ***** piety under the Shining One
 10333 | D:8      | Reached XP level 11. HP: 76/76 MP: 12/12
 11602 | D:9      | Noticed a two-headed ogre
 11620 | D:9      | Killed a two-headed ogre
 11621 | D:9      | Reached skill level 5 in Evocations
 12110 | D:10     | Entered Level 10 of the Dungeon
 12130 | D:10     | Found a staircase to the Orcish Mines.
 12317 | D:10     | Noticed a sun demon
 12322 | D:10     | HP: 2/78 [sun demon[a kobold demonologist] (15)]
 12324 | D:10     | Reached skill level 5 in Fighting
 12680 | D:10     | Identified the +6 mace of Musokuvy {heavy, rCorr Int+2}
 13168 | D:10     | Reached skill level 5 in Throwing
 13685 | D:10     | Found a large runed translucent door.
 13686 | D:10     | Found a large runed translucent door.
 13689 | D:10     | Noticed Grorgnorb's ghost (journeyman DjHW)
 13846 | D:11     | Noticed Snorg
 14260 | D:12     | Noticed a white ugly thing
 14280 | D:12     | Killed a white ugly thing
 14281 | D:12     | Reached skill level 1 in Dodging
 14286 | D:12     | Found a frozen archway.
 14315 | D:12     | Noticed a deep elf pyromancer
 14317 | IceCv    | Entered an ice cave
 14854 | IceCv    | HP: 4/84 [anaconda simulacrum (12)]
 14857 | IceCv    | Reached XP level 12. HP: 46/91 MP: 14/14
 15143 | IceCv    | Noticed a reaper
 15153 | IceCv    | Demolished by a reaper

Illustrated notes

Levels and vault maps discovered:
D:1:      onia_arrival_mini_spirals, layout_basic,
          shapermc_ecumenical_altar_mp_ritualfount, minmay_fountain_box,
          hangedman_decor_opposing
D:2:      layout_rooms, minivault_23, minmay_increasing_density
D:3:      layout_basic, lemuel_doored_altar, mainiacjoe_overflow_big_doors,
          uniq_natasha
D:4:      layout_rooms, minmay_temple_entry_junction,
          mainiacjoe_ossuary_entry_dusty_tomb, uniq_duvessa
D:5:      layout_rooms
D:6:      layout_basic, marbit_many_paths, serial_corexii_hall,
          corexii_hall_statues_x, chequers_hall_statues_wall_a,
          grunt_decor_clamped, minmay_misc_feat_room,
          minmay_manual_mandibuliform
D:7:      layout_rooms, mainiacjoe_overflow_divided_tiny, gammafunk_ghost_hive,
          skrybe_limestone_x, chequers_mini_garden, minmay_door_square,
          minmay_stone_trees_small, uniq_crazy_yiuf_cottage
D:8:      layout_basic, grunt_gozag_breadcrumbs,
          mainiacjoe_overflow_small_starburst, grunt_ministairs_11, st_stairs_1,
          roderic_lattice_a, minmay_misc_feat_square, minmay_nine_imps
D:9:      layout_loops_ring, serial_glass, glass_columns_a, glass_columns_a,
          feat_on_display, item_on_display_a, feat_on_display
D:10:     nicolae_cairo_tiling_very_big, layout_loops_ring,
          ebering_ghost_disaster_area
D:11:     layout_rooms, hellmonk_lair_entry_icy, enter_trove_2,
          nicolae_shop_firing_range, uniq_josephine, uniq_grum, uniq_snorg,
          uniq_maurice
D:12:     layout_gridville, portal_ice_cave_entry_pillars_2
IceCv:    ice_cave_small_demon

Skill      XL: |  1  2  3  4  5  6  7  8  9 10 11 |
---------------+----------------------------------+-----
Polearms       | 4 5 6 7 8 10 13 14 | 14.2
Throwing       | 2 5 |  5.0
Armour         | 2 4 |  4.4
Fighting       | 3 7 |  7.3
Invocations    | 1 3 |  3.7
Evocations     | 4 5 |  5.4
Dodging        | 1 |  1.6
Spellcasting   | |  1.0
Fire Magic     | |  1.0

Action                     |  1- 3 |  4- 6 |  7- 9 | 10-12 || total
---------------------------+-------+-------+-------+-------++-------
  Melee: Trident           |    55 |   138 |   543 |   702 ||  1438
         Punch             |       |     1 |     5 |     9 ||    15
  Throw: Dart              |       |       |     4 |    17 ||    21
   Cast: Foxfire           |    10 |     4 |       |       ||    14
 Invoke: Divine Shield     |       |       |     1 |     1 ||     2
         Cleansing Flame   |       |       |       |     2 ||     2
  Evoke: Wand              |       |     3 |     4 |     1 ||     8
         Lightning rod     |       |       |       |     2 ||     2
    Use: Potion            |       |     1 |       |     5 ||     6
         Scroll            |       |       |     4 |     5 ||     9
 Armour: Robe              |    19 |    49 |       |       ||    68
         Plate armour      |       |    54 |   325 |    69 ||   448
         Steam dragon scal |       |       |       |   242 ||   242
  Dodge: Dodged            |    22 |    38 |    37 |   235 ||   332
  Block: Other             |       |    10 |    76 |    86 ||   172
         Reflection        |       |     1 |     3 |     1 ||     5

Table legend: (Time is in decaauts)
 A = Elapsed time spent in this place.
 B = Non-inter-level travel time spent in this place.
 C = Inter-level travel time spent in this place.
 D = Time resting spent in this place.
 E = Time spent auto-exploring this place.
 F = Levels seen in this place.
 G = Mean time per level.
                   A        B        C        D        E       F      G
               +--------+--------+--------+--------+--------+-----+--------+
         Total |  14784 |  14224 |    560 |   4807 |   6884 |  14 | 1056.0 |
       Dungeon |  13474 |  12914 |    560 |   3896 |   6778 |  12 | 1122.8 |
       Ossuary |    500 |    500 |      0 |    228 |     74 |   1 |  500.0 |
      Ice Cave |    809 |    809 |      0 |    683 |     32 |   1 |  809.0 |
               +--------+--------+--------+--------+--------+-----+--------+

Top non-repeatable levels by time:
     D:8: 2497 daAuts
     D:6: 1934 daAuts
    D:10: 1874 daAuts
     D:3: 1378 daAuts
     D:7: 1258 daAuts
     D:9: 994 daAuts
     D:4: 982 daAuts
     D:1: 866 daAuts
     D:2: 857 daAuts
   IceCv: 809 daAuts
     D:5: 595 daAuts
 Ossuary: 500 daAuts
    D:11: 130 daAuts
    D:12: 104 daAuts
